 Dungeon Crawl Stone Soup version 0.30-a0-916-g98134172ad (console) character file.

Game seed: 6016710589830491697

795 Abuh the Shield-Bearer (level 7, -1/45 HPs)
             Began as a Gargoyle Fighter on Mar 15, 2023.
             Slain by an orc
             ... wielding a +1 short sword of freezing
              (2 damage)
             ... on level 5 of the Dungeon on Mar 20, 2023.
             The game lasted 00:12:02 (3852 turns).

Abuh the Shield-Bearer (Gargoyle Fighter)           Turns: 3852, Time: 00:12:02

Health: -1/45      AC: 13    Str: 21    XL:     7   Next: 89%
Magic:  7/7        EV: 14    Int:  9    God:
Gold:   202        SH:  5    Dex:  9    Spells: 6/6 levels left

rFire   . . .      SeeInvis .    a - +0 flail
rCold   . . .      Faith    +    c - +0 buckler
rNeg    + . .      Spirit   .    b - +0 scale mail
rPois   ∞          Reflect  .    (no helmet)
rElec   +          Rampage  .    (no cloak)
rCorr   .                        o - +0 pair of gloves
Will    .....                    (no boots) Stlth
                                 l - amulet of faith
HPRegen 0.27/turn                e - +5 ring of evasion
MPRegen 0.10/turn                (no ring)

@: no status effects
A: sickness immunity, AC +4, negative energy resistance 1, electricity
resistance, torment resistance 1, petrification resistance
a: no special abilities


You were on level 5 of the Dungeon.
You visited 1 branch of the dungeon, and saw 5 of its levels.

You collected 202 gold pieces.

Inventory:

Hand Weapons
 a - a +0 flail (weapon)
Armour
 b - a +0 scale mail (worn)
 c - a +0 buckler (worn)
 o - a +0 pair of gloves (worn)
 w - a +1 chain mail of poison resistance
Jewellery
 e - a +5 ring of evasion (left hand)
 l - an amulet of faith (around neck)
 t - a ring of willpower
Wands
 s - a wand of acid (5)
Scrolls
 g - a scroll of enchant weapon {unknown}
 i - 2 scrolls of enchant armour {unknown}
 j - 10 scrolls of identify {unknown}
 k - a scroll of acquirement {unknown}
 m - 3 scrolls of teleportation {unknown}
 n - a scroll of vulnerability {unknown}
 q - a scroll of torment {unknown}
 r - a scroll of summoning {unknown}
 u - 2 scrolls of blinking {unknown}
 v - a scroll of magic mapping {unknown}
 y - a scroll of brand weapon {unknown}
Potions
 d - 2 potions of ambrosia {unknown}
 f - 2 potions of heal wounds
 h - 2 potions of curing {unknown}
 p - 2 potions of attraction {unknown}
 x - a potion of degeneration {unknown}
 z - a potion of brilliance {unknown}


   Skills:
 + Level 5.6 Fighting
 + Level 4.6 Maces & Flails
 + Level 5.6 Armour
 + Level 5.7 Shields


You had 6 spell levels left.
You didn't know any spells.
Your spell library contained the following spells:

 Spells                   Type           Power      Damage    Failure   Level
 Sandblast                Erth           0%         2d4       78%         1
 Ensorcelled Hibernation  Hex/Ice        0%         N/A       89%         2
 Passwall                 Tmut/Erth      0%         N/A       89%         2
 Dazzling Flash           Conj/Hex       0%         N/A       98%         3
 Stone Arrow              Conj/Erth      0%         3d7       98%         3
 Swiftness                Air            0%         N/A       98%         3
 Tukima's Dance           Hex            0%         N/A       98%         3
 Iskenderun's Mystic Bla  Conj/Tloc      0%         2d3       100%        4
 Passage of Golubria      Tloc           0%         N/A       100%        4
 Blade Hands              Tmut           0%         N/A       100%        5
 Irradiate                Conj/Tmut      0%         3d11      100%        5
 Yara's Violent Unravell  Hex/Tmut       0%         3d3       100%        5
 Starburst                Conj/Fire      0%         6d3       100%        6
 Dragon Form              Tmut           0%         N/A       100%        7


Dungeon Overview and Level Annotations

Branches:
Dungeon (5/15)             Temple (0/1) D:4

Altars:
Okawaru
Trog
Uskayaw

Shops:
D:1 (


Innate Abilities, Weirdness & Mutations

You are immune to sickness and miasma.
Your stone body is resilient. (AC +4)
You are immune to poison.
You resist negative energy. (rN+)
You are resistant to electric shocks. (rElec)
You are resistant to unholy torment.
You are immune to petrification.


Message History

You kill the orc!
The orc priest misses you. The orc hits you but does no damage.
The orc wizard misses you.
The orc wizard hits you but does no damage.
The orc priest hits you but does no damage.
The orc closely misses you.
You miss the orc wizard. The orc priest completely misses you.
The orc closely misses you. The orc wizard barely misses you.
The orc priest completely misses you. The orc wizard closely misses you.
Things that are here:
a +0 dagger; an orc corpse You bump into the rock wall.
The orc priest hits you with a +0 dagger.
* * * LOW HITPOINT WARNING * * *
The orc hits you but does no damage.
The orc wizard hits you but does no damage.
The orc priest casts a cantrip, but nothing happens.
You bump into the rock wall.
You feel less confused.
The orc priest hits you but does no damage.
You barely miss the orc priest. The orc priest closely misses you.
The orc hits you with a +1 short sword of freezing.
* * * LOW HITPOINT WARNING * * *
The orc freezes you.
* * * LOW HITPOINT WARNING * * *
You block the orc wizard's attack.
You barely miss the orc priest.
The orc priest hits you but does no damage.
You block the orc's attack.
The orc wizard gestures at you while chanting.
The magic dart hits you but does no damage.
You barely miss the orc priest.
The orc priest calls down the wrath of Beogh upon you.
Pain shoots through your body!
* * * LOW HITPOINT WARNING * * *
You block the orc's attack. The orc wizard closely misses you.
You barely miss the orc priest.
The orc priest calls down the wrath of Beogh upon you.
Pain shoots through your body!
* * * LOW HITPOINT WARNING * * *
The orc hits you with a +1 short sword of freezing.
You die...

#......##.## ##.. ##..## ....#######.### ..
#.. ###.### .## #######...##.... ##.. ##..##
#.....#......... #.. ##..## .....^...###....
##..##..## ......>..## #.. .# #..#..###
..........## ...###....## ...........#
#......## ........<..# ###...##
..........(.# ###### ##..# ...........##
##....## ##.## ##.....##### ##......## #..#
#####. #........####.# ...## ..
##.........###.## ##### .....## #.#
#...........###.# ##...# .......####.#
#............##.## ##....## #..........###
#............##..# ##......# #...........##
#............###.# #.......# #...........#
#.............##.## ##.......# #..........#
#.............###.###........# #.........#
#.............# #............# #.........#
#.............# #..#.........# ##........#
#.............###.##........## ##.......#
#.............##.###........#
.....#......#####............##.##........##
.....#...##.o@######.........##.##.......##
..#..#########oo## #####(....#.###########
..... ###...### #####.#.# ..... #.......###
####...# .... #...........#####...##..#
...................#####..#
..................## #.#
....................# #.#
#....................# #.#
##..................## ##
##...............### ##...........###
#........###


You could see an orc priest, an orc wizard and an orc.

Vanquished Creatures
  Grinder (D:4)
  An ogre (D:4)
  A scorpion (D:5)
  A hound (D:5)
  2 jellies
  4 iguanas
  Natasha (twice) (D:4)
  An orc wizard (D:5)
  8 adders
  4 worms
  2 dart slugs
  13 orcs
  8 endoplasms
  3 giant cockroaches
  6 goblins
  3 hobgoblins
  7 kobolds
  4 quokkas
  5 ball pythons
  4 bats
  4 frilled lizards
  12 rats
96 creatures vanquished.

Vanquished Creatures (others)
  An orc wizard (D:4)
1 creature vanquished.

Grand Total: 97 creatures vanquished

Notes
Turn   | Place    | Note
-------+----------+-------------------------------------------
     0 | D:1      | Abuh the Gargoyle Fighter began the quest for the Orb.
     0 | D:1      | Reached XP level 1. HP: 14/14 MP: 1/1
    81 | D:1      | Found Otioxkin's Weapon Shoppe.
   125 | D:1      | Reached XP level 2. HP: 19/19 MP: 2/2
   685 | D:2      | Reached XP level 3. HP: 23/23 MP: 3/3
   882 | D:2      | Reached XP level 4. HP: 23/29 MP: 4/4
  1340 | D:3      | Found an iron altar of Okawaru.
  1921 | D:4      | Noticed Grinder
  1923 | D:4      | Paralysed by Grinder for 2 turns
  1935 | D:4      | Killed Grinder
  1936 | D:4      | Reached XP level 5. HP: 11/34 MP: 5/5
  1936 | D:4      | Reached XP level 6. HP: 13/39 MP: 6/6
  2148 | D:4      | Found a hide-covered altar of Uskayaw.
  2184 | D:4      | Reached skill level 5 in Shields
  2423 | D:4      | Reached skill level 5 in Fighting
  2425 | D:4      | Reached skill level 5 in Armour
  2439 | D:4      | Reached XP level 7. HP: 43/44 MP: 7/7
  2449 | D:4      | Noticed Natasha
  2457 | D:4      | Killed Natasha
  2889 | D:4      | Noticed Natasha
  2901 | D:4      | Killed Natasha
  3044 | D:4      | Found a staircase to the Ecumenical Temple.
  3129 | D:4      | Noticed a moth of wrath
  3132 | D:4      | Found a bloodstained altar of Trog.
  3272 | D:5      | Entered Level 5 of the Dungeon
  3273 | D:5      | Upgraded the game from 0.30-a0-883-g5ad918d77d to
                  | 0.30-a0-916-g98134172ad
  3852 | D:5      | HP: 1/45 [orc priest/nerve-wracking pain (2)]
  3852 | D:5      | Slain by an orc

Illustrated notes

Levels and vault maps discovered:
D:1:      dpeg_arrival_leaves_temple_mockup, layout_rooms, serial_shops,
          nicolae_shop_bloodbath_and_beyond
D:2:      layout_basic, kennysheep_generic_room_3
D:3:      layout_loops_cross, mainiacjoe_overflow_cross_hatched, hex_large
D:4:      layout_basic, mainiacjoe_overflow_alcove_2, tgw_trog,
          minmay_temple_entry_antechambers, minmay_misc_feat_five,
          chequers_serial_rivers_large_a, uniq_natasha, uniq_grinder
D:5:      layout_cave_pods, uniq_duvessa

Skill      XL: |  1  2  3  4  5  6  7 |
---------------+----------------------+-----
Fighting       | 4 5 |  5.6
Shields        | 4 5 |  5.7
Armour         | 4 5 |  5.6
Maces & Flails | 3 4 |  4.6

Action                     |  1- 3 |  4- 6 |  7- 9 || total
---------------------------+-------+-------+-------++-------
  Melee: Flail             |   121 |   112 |   173 ||   406
    Use: Potion            |       |     2 |     1 ||     3
 Armour: Scale mail        |    48 |    26 |   101 ||   175
  Dodge: Dodged            |   102 |    73 |   161 ||   336
  Block: Buckler           |    30 |    21 |    45 ||    96

Table legend: (Time is in decaauts)
 A = Elapsed time spent in this place.
 B = Non-inter-level travel time spent in this place.
 C = Inter-level travel time spent in this place.
 D = Time resting spent in this place.
 E = Time spent auto-exploring this place.
 F = Levels seen in this place.
 G = Mean time per level.
                   A        B        C        D        E       F      G
               +--------+--------+--------+--------+--------+-----+--------+
         Total |   3965 |   3766 |    199 |    532 |   2222 |   5 |  793.0 |
       Dungeon |   3965 |   3766 |    199 |    532 |   2222 |   5 |  793.0 |
               +--------+--------+--------+--------+--------+-----+--------+

Top non-repeatable levels by time:
     D:4: 1428 daAuts
     D:3: 729 daAuts
     D:1: 690 daAuts
     D:5: 600 daAuts
     D:2: 516 daAuts
